 Dungeon Crawl Stone Soup version 0.20-a0-555-gf6ae02d (webtiles) character file.

14224 Lahna the Geomancer (level 11, -7/81 HPs)
             Began as a Deep Dwarf Earth Elementalist on Feb 4, 2017.
             Was a High Priest of Makhleb.
             Killed by divine providence
             ... invoked by a smoke demon
             ... summoned by the player character
              (10 damage)
             ... on level 1 of the Lair of Beasts.
             The game lasted 00:37:15 (8633 turns).

Lahna the Geomancer (Deep Dwarf Earth Elementalist) Turns: 8633, Time: 00:37:16

Health: -7/81      AC:  4    Str: 15    XL:     11   Next: 85%
Magic:  18/33      EV: 18    Int: 19    God:    Makhleb [*****.]
Gold:   500        SH:  0    Dex: 13    Spells: 12/27 levels left

rFire    . . .     SeeInvis .   x - staff of power
rCold    . . .     Gourm    .   Q - +1 robe {rN+}
rNeg     + . .     Faith    .   (no shield)
rPois    +         Spirit   .   I - +1 hat {MR+}
rElec    .         Reflect  .   (no cloak)
rCorr    .         Harm     .   (no gloves)
MR       ++...                  (no boots)
Stlth    ++........             (no amulet)
Regen    0.0/turn               J - +3 ring of strength
                                u - ring of poison resistance

@: very slightly contaminated, non-regenerating
A: damage resistance, recharge devices, sense surroundings 2, slow regeneration
3
a: Heal Wounds, Minor Destruction, Lesser Servant of Makhleb, Major Destruction,
Greater Servant of Makhleb, Renounce Religion


You were on level 1 of the Lair of Beasts.
You worshipped Makhleb.
Makhleb was extremely pleased with you.
You were very hungry.

You visited 2 branches of the dungeon, and saw 15 of its levels.

You collected 528 gold pieces.
You spent 28 gold pieces at shops.

Inventory:

Hand Weapons
 s - a +5 hand axe of flaming
Missiles
 b - 37 stones (quivered)
Armour
 I - a +1 hat of magic resistance (worn)
 M - a +0 shield
 Q - a +1 robe of positive energy (worn)
Magical Staves
 x - an uncursed staff of power (weapon)
Jewellery
 u - a ring of poison resistance (left hand)
 J - a +3 ring of strength (right hand)
Wands
 c - a wand of acid (5/15)
 g - a wand of acid (15/15)
 N - a wand of lightning (12/15)
Scrolls
 f - 2 scrolls of enchant weapon
 j - a scroll of enchant armour
 o - a scroll of amnesia {unknown}
 t - 3 scrolls of teleportation
 v - a scroll of fear
 w - a scroll of fog {unknown}
 y - 2 scrolls of recharging
 A - a scroll of immolation
 B - a scroll of remove curse
 C - a scroll of magic mapping
 D - a scroll of noise
 H - a scroll of acquirement {unknown}
 L - a scroll of blinking
Potions
 h - a potion of cure mutation
 k - 3 potions of lignification {unknown}
 m - 2 potions of resistance
 n - 9 potions of curing
 p - 3 potions of heal wounds
 r - 3 potions of brilliance
 z - 3 potions of haste
 E - a potion of agility
 F - 3 potions of mutation {unknown}
 G - 2 potions of might
 K - a potion of magic
 P - a potion of flight
Books
 e - a book of Geomancy

   Spells                             Type                      Level
   a - Sandblast                      Earth                        1
   b - Passwall                       Transmutation/Earth          2
   c - Stone Arrow                    Conjuration/Earth            3
   d - Petrify                        Transmutation/Earth          4
   e - Lee's Rapid Deconstruction     Earth                        5
 O - a book of Maledictions

   Spells                             Type                      Level
   a - Corona                         Hexes                        1
   b - Ensorcelled Hibernation        Hexes/Ice                    2
   c - Confuse                        Hexes                        3
   d - Tukima's Dance                 Hexes                        3
   e - Dazzling Spray                 Conjuration/Hexes            3
Comestibles
 d - 7 bread rations
 i - 5 fruits
 l - 5 meat rations
 q - 6 royal jellies


   Skills:
 + Level 10.0 Dodging
 - Level 3.0 Stealth
 - Level 4.0 Shields
 + Level 8.5 Spellcasting
 - Level 1.0 Conjurations
 - Level 0.8 Transmutations
 + Level 13.5 Earth Magic
 - Level 11.0 Invocations


You had 12 spell levels left.
You knew the following spells:

 Your Spells              Type           Power        Failure   Level  Hunger
a - Sandblast             Erth           ######       1%          1    None
b - Passwall              Tmut/Erth      #####.....   1%          2    None
c - Stone Arrow           Conj/Erth      #####.       1%          3    None
d - Lee's Rapid Deconstr  Erth           ######....   1%          5    #####..
e - Petrify               Tmut/Erth      #####...     6%          4    ###....


Dungeon Overview and Level Annotations

Branches:
Dungeon (14/15)            Temple (0/1) D:6            Lair (1/6) D:10
    Orc: D:9-12      Vaults: D:13-14

Altars:
Cheibriados
Dithmenos
Elyvilon
Hepliaklqana
Kikubaaqudgha
Makhleb
Qazlal
Ru
Sif Muna
Uskayaw
Xom

Shops:
D:6 %   D:9 ?

Annotations:
D:10 Erolcha


Innate Abilities, Weirdness & Mutations

You are resistant to damage.
You can recharge devices by infusing magical energy.
You passively map the area around you.
You do not regenerate.


Message History

You feel better.
b - 38 stones The yak gores you but does no damage.
The smoke demon gestures at you. Makhleb smites you!
* * * LOW HITPOINT WARNING * * *
Casting: Sandblast
Confirm with . or Enter, or press ? or * to list all spells.
Aiming: Sandblast
Press: ? - help, Shift-Dir - straight line, f - crocodile
Aim: a crocodile The blast of sand hits the crocodile.
b - 37 stones The crocodile bites you!
* * * LOW HITPOINT WARNING * * *
The yak gores you!
* * * LOW HITPOINT WARNING * * *
The smoke demon gestures at you. Makhleb smites you!
You die...

, +...### #........,
, , #.....###........
, * *
#................
####................*
, #..................
,,
#..................
......†?.....3#* ,
....†.†....YtY# ,,
...........##@#
........<.##### ,
..........## ,
.........#.# ,
.........###
.........#*
,,.......(..
.........#* ,
......... *


You could see 2 yaks, a smoke demon and a crocodile.

Vanquished Creatures
  Gastronok (D:9)
  Erica (D:8)
  A two-headed ogre (D:8)
  Pikel (D:9)
  2 manticores
  The ghost of HereIgoKillingAgain the Insei, a novice OpTm of Makhleb (D:6)
  A cyclops (D:11)
  Psyche (D:10)
  The ghost of Pr0man the Ruffian, a novice VSMo (D:4)
  3 trolls
  Prince Ribbit (D:5)
  A hornet (D:9)
  3 slime creatures (D:12)
  A shadow (D:11)
  8 yaks
  3 water moccasins
  4 porcupines (D:10)
  2 sky beasts (D:9)
  A hornet zombie (D:9)
  4 orc warriors
  3 ice beasts
  2 black bears
  An eye of draining (D:11)
  2 ogres
  A phantom (D:7)
  9 centaurs
  A crocodile (D:8)
  A big kobold (D:8)
  7 bullfrogs
  3 scorpions
  3 wights (D:11)
  11 howler monkeys
  4 crimson imps
  A centaur zombie (D:8)
  A bullfrog zombie (D:11)
  7 hounds
  A centaur skeleton (D:6)
  6 orc priests
  2 bullfrog skeletons
  Natasha (thrice) (D:3)
  9 orc wizards
  9 worker ants
  2 hound zombies
  A hound skeleton (D:11)
  A worker ant zombie (D:6)
  7 gnolls
  9 adders
  3 shadow imps
  An ooze (D:2)
  An adder skeleton (D:5)
  2 adder zombies
  A worm (D:2)
  6 dart slugs
  3 leopard geckos
  62 orcs
  3 bats
  5 giant cockroaches
  5 goblins
  12 hobgoblins
  3 jackals (D:1)
  9 kobolds
  5 quokkas
  2 ball pythons
  7 frilled lizards
  A giant cockroach zombie (D:5)
  A quokka skeleton (D:4)
  6 rats
286 creatures vanquished.

Vanquished Creatures (collateral kills)
  A gargoyle (D:14)
  A queen bee (shapeshifter) (D:14)
2 creatures vanquished.

Vanquished Creatures (others)
  2 slaves (D:9)
  4 fungi (D:10)
  4 plants (D:10)
10 creatures vanquished.

Grand Total: 298 creatures vanquished

Notes
Turn   | Place    | Note
-------+----------+-------------------------------------------
     0 | D:1      | Lahna the Deep Dwarf Earth Elementalist began the quest for the Orb.
     0 | D:1      | Reached XP level 1. HP: 15/15 MP: 3/3
   126 | D:1      | Reached XP level 2. HP: 13/22 MP: 2/4
   266 | D:1      | Learned a level 2 spell: Passwall
   590 | D:1      | Reached XP level 3. HP: 15/28 MP: 3/6
   749 | D:1      | Learned a level 3 spell: Stone Arrow
   850 | D:2      | Found an ancient bone altar of Kikubaaqudgha.
  1097 | D:2      | Found a burning altar of Makhleb.
  1103 | D:2      | Became a worshipper of Makhleb the Destroyer
  1371 | D:2      | Reached XP level 4. HP: 36/36 MP: 5/7
  1607 | D:3      | Reached skill level 5 in Earth Magic
  1609 | D:3      | Reached skill level 1 in Conjurations
  1667 | D:3      | Reached * piety under Makhleb
  1671 | D:3      | Noticed a water elemental
  1672 | D:3      | Noticed Natasha
  1675 | D:3      | Found a stormy altar of Qazlal.
  1677 | D:3      | Killed Natasha
  1679 | D:3      | Noticed an air elemental
  1680 | D:3      | Noticed a fire elemental
  1680 | D:3      | Noticed an earth elemental
  1745 | D:3      | Noticed Natasha
  1751 | D:3      | Killed Natasha
  1751 | D:3      | Reached XP level 5. HP: 13/42 MP: 3/9
  1812 | D:3      | Found a shadowy altar of Dithmenos.
  1898 | D:3      | Noticed Natasha
  1907 | D:3      | Killed Natasha
  2391 | D:4      | Found a snail-covered altar of Cheibriados.
  2549 | D:4      | Reached skill level 1 in Invocations
  2624 | D:4      | Reached XP level 6. HP: 46/49 MP: 7/10
  2630 | D:4      | Reached skill level 6 in Earth Magic
  2709 | D:4      | Noticed Pr0man's ghost (novice VSMo)
  2775 | D:4      | Killed Pr0man's ghost
  2775 | D:4      | Reached XP level 7. HP: 41/55 MP: 1/12
  3182 | D:5      | Entered Level 5 of the Dungeon
  3229 | D:5      | Learned a level 5 spell: Lee's Rapid Deconstruction
  3358 | D:5      | Reached ** piety under Makhleb
  3559 | D:5      | Reached skill level 5 in Dodging
  3559 | D:5      | Reached skill level 7 in Earth Magic
  3870 | D:5      | Noticed Prince Ribbit
  3874 | D:5      | Killed Prince Ribbit
  3874 | D:5      | Reached skill level 5 in Invocations
  3874 | D:5      | Reached XP level 8. HP: 62/62 MP: 11/14
  3899 | D:5      | Reached skill level 8 in Earth Magic
  4070 | D:6      | Found a hazy altar of Hepliaklqana.
  4105 | D:6      | Found Cahesche's Food Emporium.
  4133 | D:6      | Noticed HereIgoKillingAgain's ghost (novice OpTm)
  4141 | D:6      | Killed HereIgoKillingAgain's ghost
  4141 | D:6      | Reached skill level 5 in Spellcasting
  4162 | D:6      | Found a staircase to the Ecumenical Temple.
  4167 | D:6      | Reached skill level 9 in Earth Magic
  4383 | D:6      | Gained mutation: You passively map the area around you. [Deep Dwarf growth]
  4383 | D:6      | Reached XP level 9. HP: 68/68 MP: 15/17
  4586 | D:6      | Found a white marble altar of Elyvilon.
  5165 | D:7      | Reached *** piety under Makhleb
  5241 | D:7      | Reached skill level 10 in Earth Magic
  5265 | D:7      | Learned a level 4 spell: Petrify
  5349 | D:7      | Found a sacrificial altar of Ru.
  5515 | D:8      | Noticed Erica
  5522 | D:8      | Killed Erica
  5610 | D:8      | Noticed a hand axe
  5611 | D:8      | Noticed a hand axe
  5614 | D:8      | Found a hide-covered altar of Uskayaw.
  5728 | D:8      | Noticed a two-headed ogre
  5729 | D:8      | Found a shimmering altar of Xom.
  5750 | D:8      | Killed a two-headed ogre
  5750 | D:8      | Reached skill level 11 in Earth Magic
  5750 | D:8      | Reached XP level 10. HP: 53/75 MP: 20/20
  5753 | D:8      | Reached **** piety under Makhleb
  6496 | D:9      | Noticed Gastronok
  6507 | D:9      | Killed Gastronok
  6507 | D:9      | Reached skill level 10 in Invocations
  6545 | D:9      | Found a deep blue altar of Sif Muna.
  6577 | D:9      | Noticed Pikel
  6580 | D:9      | Reached skill level 12 in Earth Magic
  6588 | D:9      | Killed Pikel
  6715 | D:9      | Reached XP level 11. HP: 81/81 MP: 21/21
  7098 | D:9      | Found Gukus's Magic Scroll Boutique.
  7103 | D:9      | Bought a scroll of identify for 28 gold pieces
  7240 | D:10     | Entered Level 10 of the Dungeon
  7313 | D:10     | Reached skill level 1 in Shields
  7580 | D:11     | Reached ***** piety under Makhleb
  7978 | D:11     | You fall through a shaft for 3 floors!
  8004 | D:14     | Noticed an orb spider
  8006 | D:14     | an orb spider changed into a queen bee
  8142 | D:12     | Reached skill level 13 in Earth Magic
  8189 | D:12     | Noticed a death knight
  8352 | D:10     | Noticed Erolcha
  8354 | D:10     | Noticed Psyche
  8355 | D:10     | Found a staircase to the Lair.
  8375 | D:10     | Killed Psyche
  8561 | Lair:1   | Entered Level 1 of the Lair of Beasts
  8612 | Lair:1   | Reached skill level 10 in Dodging
  8633 | Lair:1   | HP: 3/81 [yak (13)]
  8633 | Lair:1   | Killed from afar by a smoke demon

Vault maps used:
D:1:      mrwooster_arrival_arrow, serial_forest,
          infiniplex_forest_clump_double, infiniplex_forest_lined_2,
          infiniplex_forest_lined_2, infiniplex_forest_clump_curved,
          infiniplex_forest_clump_small, infiniplex_forest_end_double,
          infiniplex_forest_clump_tiny, infiniplex_forest_lined_corner,
          infiniplex_forest_lined_3
D:2:      overflow_temple_1_default, lemuel_round_altar
D:3:      nicolae_qazlal_style_of_elements, nicolae_overflow_crystal_walls,
          first_bread, uniq_natasha
D:4:      kennysheep_big_flooded_room, nicolae_overflow_hidden_temple
D:5:      uniq_prince_ribbit1
D:6:      kennysheep_mini, marbit_many_paths, minmay_temple_entry_grid,
          serial_shops, shop
D:7:      nicolae_ru_great_annihilating_truth
D:8:      lemuel_crystal_altar, dancing_weapons_uskayaw, uniq_erica
D:9:      lemuel_coloured_pillars_altar, serial_shops, kennysheep_little_box,
          uniq_gastronok, uniq_pikel
D:10:     due_lair_maze_entry_diamond, uniq_psyche, uniq_erolcha, uniq_joseph
D:11:     grunt_tengu_nest
D:12:     serial_shops, nicolae_shop_behind_doors, feat_on_display
D:13:     lightli_corner_chamber
D:14:     grunt_vaults_entry_fortified, kennysheep_cross_bottleneck
Lair:1:   portal_ice_cave_demonic_guard, grunt_forest_large_clearings,
          minmay_lair_oklob_chamber

Skill      XL: |  1  2  3  4  5  6  7  8  9 10 11 |
---------------+----------------------------------+-----
Stealth        | 3 |  3.0
Spellcasting   | 2 3 4 5 6 7 8 |  8.5
Dodging        | 3 4 5 7 8 10 | 10.0
Earth Magic    | 5 6 7 9 11 12 13 | 13.5
Conjurations   | 1 |  1.0
Invocations    | 1 3 5 7 9 10 11 | 11.0
Shields        | 4 |  4.0
Transmutations | |  0.8

Action                   |  1- 3 |  4- 6 |  7- 9 | 10-12 || total
-------------------------+-------+-------+-------+-------++-------
Melee: Club              |    15 |    16 |     9 |       ||    40
       Unarmed           |     2 |       |       |       ||     2
       Hand axe          |       |       |     3 |       ||     3
       Staff             |       |       |     3 |     7 ||    10
 Cast: Sandblast         |    48 |    84 |   109 |   128 ||   369
       Passwall          |     1 |       |       |       ||     1
       Stone Arrow       |       |       |     7 |    42 ||    49
       Lee's Rapid Decon |       |       |     2 |    20 ||    22
       Petrify           |       |       |     1 |       ||     1
Invok: Minor Destruction |       |       |    92 |   128 ||   220
       Lesser Servant of |       |       |       |     2 ||     2
 Abil: Heal Wounds       |     1 |     6 |     4 |    21 ||    32
  Use: Scroll            |       |       |     6 |    21 ||    27
 Stab: Distracted        |       |       |     1 |       ||     1
  Eat: Chunk             |     2 |     5 |    10 |    13 ||    30
Armor: Robe              |    10 |     3 |     7 |    15 ||    35
Dodge: Dodged            |    36 |    61 |    47 |   143 ||   287
